 Dungeon Crawl Stone Soup version 0.28-a0-1518-gbe868bca14 (webtiles) character file.

Game seed: 6665074154752498769

9 knot the Chopper (level 2, 25/36 HPs)
             Began as a Demonspawn Berserker on Jan 17, 2022.
             Was a Follower of Trog.
             Quit the game on level 2 of the Dungeon.
             The game lasted 00:00:13 (145 turns).

knot the Chopper (Demonspawn Berserker)              Turns: 145, Time: 00:00:14

Health: 25/36      AC:  2    Str: 17    XL:     2   Next: 6%
Magic:  2/2        EV: 12    Int:  8    God:    Trog [*.....]
Gold:   9          SH:  0    Dex: 12    Spells: 1/1 levels left

rFire   . . .      SeeInvis .   a - +0 hand axe
rCold   . . .      Faith    .   (no shield)
rNeg    . . .      Spirit   .   b - +0 animal skin
rPois   .          Reflect  .   (no helmet)
rElec   .          Harm     .   (no cloak)
rCorr   .          Rampage  .   (no gloves)
Will    .....                   (no boots)
Stlth   ..........              (no amulet)
HPRegen 0.12/turn               (no ring)
MPRegen 0.08/turn               (no ring)

@: berserking (expiring), very quick
A: spiny 1
a: Renounce Religion, Berserk


You were on level 2 of the Dungeon.
You worshipped Trog.
Trog was aware of your devotion.
You visited 1 branch of the dungeon, and saw 2 of its levels.

You collected 9 gold pieces.

Inventory:

Hand Weapons
 a - a +0 hand axe (weapon)
Missiles
 c - 4 stones (quivered)
 g - 5 silver javelins
Armour
 b - a +0 animal skin (worn)
Jewellery
 h - a +6 ring of strength
Potions
 d - a potion of heal wounds {unknown}
 e - a potion of curing {unknown}
 f - a potion of brilliance {unknown}


   Skills:
 - Level 3.0 Fighting
 + Level 3.3 Axes
 - Level 1.7 Armour
 - Level 1.7 Dodging


You had one spell level left.
You didn't know any spells.
Your spell library was empty.

Dungeon Overview and Level Annotations

Branches:
Dungeon (1/15)

Altars:


Innate Abilities, Weirdness & Mutations

You are partially covered in sharp spines.


Message History

You hit the goblin but do no damage. You barely miss the ball python.
The bat barely misses you. The ball python bites you.
The ball python grabs you. The ball python constricts you.
The goblin hits you but does no damage.
A red film seems to cover your vision as you go berserk!
You feel yourself moving faster!
You feel mighty! The bat closely misses you. The ball python barely misses you.
The ball python constricts you. The goblin hits you with a +0 club.
The bat closely misses you. The ball python bites you.
The ball python constricts you.
You closely miss the ball python. You barely miss the goblin.
You closely miss the bat. The bat barely misses you.
The goblin closely misses you.
You closely miss the ball python. You slash the goblin!
You kill the goblin!
Trog accepts your kill.
You miss the bat. The bat hits you but does no damage.
The ball python bites you. The ball python constricts you.
Your Axes skill increases to level 3!
You barely miss the ball python. You hit the bat.
The bat hits you but does no damage.
The ball python bites you but does no damage.
The ball python constricts you.
You slash the ball python!
You kill the ball python!
Trog accepts your kill.
You barely miss the bat. The bat hits you. The bat closely misses you.
You see here a +0 club.
You slash the bat!
You kill the bat!
Trog accepts your kill.
You slash the worm!
The worm is moderately wounded.
You slash the worm!
You kill the worm!
Trog accepts your kill.
You have reached level 2!
Your demonic ancestry asserts itself...
Sharp spines emerge from parts of your body.
Are you sure you want to abandon this character and quit the game? (Confirm with "yes".)

#####.........
##..######
#.## #.###
#...## # #
###..# .#.#
####.##....#
#........#
#..†@....#
#...........
#........###
#.........#
#.....##.(#
..#."## ...#
...###. ...
.... ⌠ #.


There were no monsters in sight!

Vanquished Creatures
  A worm (D:2)
  A bat (D:2)
  A giant cockroach (D:2)
  A goblin (D:2)
  A ball python (D:2)
  A frilled lizard (D:1)
  A kobold (D:1)
7 creatures vanquished.

Notes
Turn   | Place    | Note
-------+----------+-------------------------------------------
     0 | D:1      | knot the Demonspawn Berserker began the quest for the Orb.
     0 | D:1      | Reached XP level 1. HP: 18/18 MP: 1/1
   117 | D:1      | You fall into a shaft and drop 1 floor!
   145 | D:2      | Gained mutation: You are partially covered in sharp spines.
                  | [demonic ancestry]
   145 | D:2      | Reached XP level 2. HP: 24/24 MP: 2/2
   145 | D:2      | Quit the game

Illustrated notes

Levels and vault maps discovered:
D:1:      amcnicky_arrival_feature_with_door, layout_basic, serial_shops, shop,
          dilly_ecumenical_altar_fadedgnrine
D:2:      layout_rooms, minmay_pentomino_r4

Skill      XL: |  1 |
---------------+----+-----
Axes           | 3 |  3.3
Fighting       | |  3.0
Armour         | |  1.7
Dodging        | |  1.7

Action                   || total
-------------------------++-------
Melee: Hand axe          ||    12
Invok: Berserk           ||     1
Armor: Animal skin       ||     6
Dodge: Dodged            ||     9

Table legend: (Time is in decaauts)
 A = Elapsed time spent in this place.
 B = Non-inter-level travel time spent in this place.
 C = Inter-level travel time spent in this place.
 D = Time resting spent in this place.
 E = Time spent auto-exploring this place.
 F = Levels seen in this place.
 G = Mean time per level.
                   A        B        C        D        E       F      G
               +--------+--------+--------+--------+--------+-----+--------+
         Total |    143 |    143 |      0 |      0 |    113 |   2 |   71.5 |
       Dungeon |    143 |    143 |      0 |      0 |    113 |   2 |   71.5 |
               +--------+--------+--------+--------+--------+-----+--------+

Top non-repeatable levels by time:
     D:1: 117 daAuts
     D:2: 25 daAuts
